 Dungeon Crawl Stone Soup version 0.29.1-13-g9f3cf754e1 (webtiles) character file.

Game seed: 14698018181819608798

140 nickcage the Cudgeller (level 5, -3/45 HPs)
             Began as a Minotaur Monk on Jan 30, 2023.
             Killed by divine providence
             ... invoked by an orc priest
              (12 damage)
             ... on level 4 of the Dungeon.
             The game lasted 00:04:08 (2848 turns).

nickcage the Cudgeller (Minotaur Monk)              Turns: 2848, Time: 00:04:09

Health: -3/45      AC:  9    Str: 17    XL:     5   Next: 2%
Magic:  4/4        EV:  7    Int:  7    God:
Gold:   110        SH:  0    Dex: 13    Spells: 4/4 levels left

rFire   + . .      SeeInvis .   a - +0 mace
rCold   . . .      Faith    .   (no shield)
rNeg    . . .      Spirit   .   v - +1 chain mail {rPois}
rPois   +          Reflect  .   (helmet restricted)
rElec   .          Harm     .   (no cloak)
rCorr   .          Rampage  .   (no gloves)
Will    .....                   (no boots)
Stlth   ..........              (no amulet)
HPRegen 0.15/turn               j - ring of protection from fire
MPRegen 0.09/turn               (no ring)

@: no status effects
A: horns 2, retaliatory headbutt
a: no special abilities


You were on level 4 of the Dungeon.
You visited 1 branch of the dungeon, and saw 4 of its levels.

You collected 110 gold pieces.

Inventory:

Hand Weapons
 a - a +0 mace (weapon)
Missiles
 r - 3 curare-tipped darts (quivered)
Armour
 b - a +0 robe
 k - a +0 chain mail
 v - a +1 chain mail of poison resistance (worn)
Jewellery
 j - a ring of protection from fire (left hand)
 t - a +4 ring of protection
Wands
 x - a wand of polymorph (4)
Scrolls
 i - a scroll of blinking {unknown}
 l - a scroll of noise {unknown}
 n - 2 scrolls of fear {unknown}
 q - a scroll of amnesia {unknown}
 s - 2 scrolls of identify {unknown}
 u - a scroll of poison {unknown}
 w - a scroll of butterflies {unknown}
Potions
 c - a potion of ambrosia
 d - 2 potions of magic {unknown}
 e - a potion of brilliance {unknown}
 f - 2 potions of heal wounds {unknown}
 g - a potion of resistance {unknown}
 h - 3 potions of might {unknown}
 m - a potion of berserk rage {unknown}
 o - 2 potions of curing {unknown}
 p - 2 potions of flight {unknown}


   Skills:
 - Level 3.6 Fighting
 + Level 7.0 Maces & Flails
 - Level 3.2 Dodging
 - Level 1.5 Stealth


You had 4 spell levels left.
You didn't know any spells.
Your spell library contained the following spells:

 Spells                   Type           Power      Damage    Failure   Level
 Beastly Appendage        Tmut           0%         N/A       100%        1
 Magic Dart               Conj           0%         1d3       100%        1
 Call Imp                 Summ           0%         N/A       100%        2
 Wereblood                Tmut           0%         N/A       100%        2
 Mephitic Cloud           Conj/Pois/Air  0%         N/A       100%        3
 Portal Projectile        Hex/Tloc       0%         N/A       100%        3
 Spider Form              Tmut/Pois      0%         N/A       100%        3
 Tukima's Dance           Hex            0%         N/A       100%        3
 Passage of Golubria      Tloc           0%         N/A       100%        4
 Blade Hands              Tmut           0%         N/A       100%        5
 Silence                  Hex/Air        0%         N/A       100%        5
 Lehudib's Crystal Spear  Conj/Erth      0%         10d2      100%        8


Dungeon Overview and Level Annotations

Branches:
Dungeon (4/15)
 Temple: D:4-7

Altars:
Elyvilon
Vehumet


Innate Abilities, Weirdness & Mutations

You have a pair of horns on your head.
You reflexively headbutt those who attack you in melee.


Message History

x - a wand of polymorph (4)
Found an escape hatch in the ceiling. 2 orcs come into view.
The orc shouts!
You hear a shout! x3
An orc wizard comes into view. It is wielding a +0 dagger.
The orc moves out of view.
An orc priest comes into view. It is wielding a +0 falchion.
The orc priest shouts!
An orc priest comes into view. It is wielding a +0 flail.
The orc priest shouts!
You hear a shout!
The orc priest looks braver for a moment.
A kobold comes into view. It is wielding a +0 whip.
The orc wizard hits you but does no damage.
The orc priest calls down the wrath of Beogh upon you.
Beogh smites you!
You hit the orc wizard but do no damage.
The orc wizard closely misses you.
You closely miss the orc wizard. The orc wizard barely misses you.
You miss the orc wizard. You headbutt the orc wizard.
Your punch misses the orc wizard.
The orc wizard is heavily wounded.
The orc wizard hits you with a +0 dagger.
You closely miss the orc wizard. Your headbutt misses the orc wizard.
The orc wizard is heavily wounded.
The orc wizard barely misses you.
The orc priest miscasts a cantrip.
You sock the orc wizard!
You kill the orc wizard!
The orc priest invokes the aid of Beogh against you.
Beogh smites you!
You have reached level 5!
You sock the orc!
You kill the orc!
The orc priest calls down the wrath of Beogh upon you.
Beogh smites you!
* * * LOW HITPOINT WARNING * * *
Your Maces & Flails skill increases to level 7!
The orc priest invokes the aid of Beogh against you.
Beogh smites you!
You die...

#.^.....####..# #####...........#
#.......##...## ###.........#
#.....†.#..### ##..........
##....<...###### ####.........##
#.....##.......###..............
#.......#######.<.#.#####.##.....
#.......# ###...### #.#....##
#.......# #......###.#.####
##.....## #@####.......# ##...##
#.# ####...## #### #)# ##...##
#o# #.....#


Koo ##....### ... #......# ..... ######## ###.# .# You could see 2 orc priests,
an orc and a kobold.

Vanquished Creatures
  2 orc wizards
  3 adders
  A dart slug (D:3)
  3 orcs
  7 ball pythons
  4 endoplasms
  5 giant cockroaches
  5 goblins
  7 hobgoblins
  6 kobolds
  3 quokkas
  6 bats
  2 frilled lizards
  4 rats
58 creatures vanquished.

Notes
Turn   | Place    | Note
-------+----------+-------------------------------------------
     0 | D:1      | nickcage the Minotaur Monk began the quest for the Orb.
     0 | D:1      | Reached XP level 1. HP: 19/19 MP: 0/0
   132 | D:1      | Reached skill level 4 in Maces & Flails
   226 | D:1      | Reached XP level 2. HP: 23/26 MP: 1/1
   655 | D:1      | Reached skill level 5 in Maces & Flails
   906 | D:2      | Reached XP level 3. HP: 31/31 MP: 2/2
   994 | D:2      | Found a faded altar of an unknown god.
  1607 | D:3      | Found a radiant altar of Vehumet.
  1788 | D:3      | Reached skill level 6 in Maces & Flails
  1788 | D:3      | Reached XP level 4. HP: 27/39 MP: 3/3
  1957 | D:3      | Found a white marble altar of Elyvilon.
  2847 | D:4      | Reached XP level 5. HP: 18/45 MP: 4/4
  2848 | D:4      | Reached skill level 7 in Maces & Flails
  2848 | D:4      | Killed from afar by an orc priest

Illustrated notes

Levels and vault maps discovered:
D:1:      reono_arrival_forest_river, layout_basic, serial_bayou_ford_a,
          minmay_misc_feat_rugged
D:2:      layout_rooms, hellmonk_ecumenical_altar_blasted,
          chequers_serial_rivers_micro_a
D:3:      layout_basic, general_overflow_altar, elyvilon_altar_3
D:4:      layout_rooms, gammafunk_temple_overflow_wave, minmay_diced_spiral

Skill      XL: |  1  2  3  4  5 |
---------------+----------------+-----
Maces & Flails | 4 5 6 7 |  7.0
Fighting       | |  3.6
Dodging        | |  3.2
Stealth        | |  1.5

Action                   |  1- 3 |  4- 6 || total
-------------------------+-------+-------++-------
Melee: Mace              |    84 |    28 ||   112
       Headbutt          |    11 |     3 ||    14
 Stab: Sleeping          |     2 |       ||     2
Armor: Robe              |    18 |       ||    18
       Chain mail        |    13 |    20 ||    33
Dodge: Dodged            |    68 |    10 ||    78
